 Dungeon Crawl Stone Soup version 0.28-a0-687-gb91baff9cc (webtiles) character file.

Game seed: 9554887131313466422

53 ytrimaz the Skirmisher (level 3, 0/33 HPs)
             Began as a Minotaur Fighter on Oct 19, 2021.
             Slain by Sigmund (7 damage)
             ... on level 2 of the Dungeon.
             The game lasted 00:01:25 (1312 turns).

ytrimaz the Skirmisher (Minotaur Fighter)           Turns: 1312, Time: 00:01:25

Health: 0/33       AC:  7    Str: 21    XL:     3   Next: 64%
Magic:  2/2        EV:  9    Int:  5    God:
Gold:   47         SH:  4    Dex:  9    Spells: 2/2 levels left

rFire   . . .      SeeInvis .   a - +0 war axe
rCold   . . .      Faith    .   c - +0 buckler
rNeg    . . .      Spirit   .   b - +0 scale mail
rPois   .          Reflect  .   (helmet restricted)
rElec   .          Harm     .   (no cloak)
rCorr   .          Rampage  .   (no gloves)
Will    +....      Clarity  +   (no boots)
Stlth   ..........              (no amulet)
HPRegen 0.11/turn               (no ring)
MPRegen 0.08/turn               (no ring)

@: mighty
A: horns 2, retaliatory headbutt, clarity, strong-willed 1
a: no special abilities


You were on level 2 of the Dungeon.
You visited 1 branch of the dungeon, and saw 2 of its levels.

You collected 47 gold pieces.

Inventory:

Hand Weapons
 a - a +0 war axe (weapon)
Armour
 b - a +0 scale mail (worn)
 c - a +0 buckler (worn)
Scrolls
 f - a scroll of fog {unknown}
 g - 2 scrolls of identify {unknown}
 h - a scroll of fear {unknown}


   Skills:
 + Level 4.1 Fighting
 * Level 3.6 Axes
 + Level 4.1 Armour
 - Level 4.0 Shields


You had 2 spell levels left.
You didn't know any spells.
Your spell library was empty.

Dungeon Overview and Level Annotations

Branches:
Dungeon (2/15)

Altars:

Annotations:
D:2 Sigmund


Innate Abilities, Weirdness & Mutations

You have a pair of horns on your head.
You reflexively headbutt those who attack you in melee.
You possess an exceptional clarity of mind.
You are strong-willed. (Will+)


Message History

You slash the orc!
You kill the orc!
A goblin comes into view. It is wielding a +0 dagger.
Found 12 gold pieces.
The goblin shouts!
A hobgoblin comes into view.
An orc comes into view. It is wielding a +0 war axe.
Things that are here:
a +0 dagger; a +0 leather armour The hobgoblin shouts!
An orc comes into view. It is wielding a +0 club.
Something hits you but does no damage.
Things that are here:
a +0 dagger; a +0 leather armour You miss something.
The orc shouts!
Something hits you.
You hit the orc. Your headbutt misses the orc.
The orc is moderately wounded.
The orc hits you with a +0 war axe. Something hits you!
The orc closely misses you. You furiously retaliate!
You headbutt the orc.
You kill the orc!
Something hits you.
Items here: )) [[ †.
You closely miss something. Your headbutt misses something.
Something hits you but does no damage.
You miss something. Your headbutt misses something. You closely miss something.
Something hits you but does no damage.
You miss something. Something hits you but does no damage.
Sorry, you're not good enough to have a special ability.
You feel very mighty all of a sudden. Something hits you but does no damage.
You barely miss something. Something hits you.
* * * LOW HITPOINT WARNING * * *
You closely miss something. Something hits you but does no damage.
You closely miss something. Something hits you.
* * * LOW HITPOINT WARNING * * *
You closely miss something. You headbutt something!!
You closely miss something. Something hits you!
You die... # # #. .# .###..# ..($... ## go...

#.#{g# ##@#
#.#..$# #.###..#
#..# ##.## ##
#..#
#..###.######..#
#..............##
#...###.#..#....#
## ###
#.#..##...##.#
#.##.##......##


You could see an orc, a hobgoblin and a goblin.

Vanquished Creatures
  2 adders (D:2)
  2 dart slugs (D:1)
  2 orcs (D:2)
  3 bats (D:1)
  4 endoplasms (D:1)
  2 giant cockroaches (D:1)
  2 goblins (D:1)
  3 hobgoblins
  5 frilled lizards (D:1)
  2 kobolds (D:1)
  3 rats (D:1)
30 creatures vanquished.

Notes
Turn   | Place    | Note
-------+----------+-------------------------------------------
     0 | D:1      | ytrimaz the Minotaur Fighter began the quest for the Orb.
     0 | D:1      | Reached XP level 1. HP: 19/19 MP: 0/0
   188 | D:1      | Reached XP level 2. HP: 27/27 MP: 1/1
   490 | D:1      | Found a faded altar of an unknown god.
   795 | D:1      | Reached XP level 3. HP: 33/33 MP: 2/2
  1100 | D:2      | Gained mutation: You possess an exceptional clarity of
                  | mind. [potion of mutation]
  1100 | D:2      | Gained mutation: You are strong-willed. (Will+) [potion of
                  | mutation]
  1293 | D:2      | Noticed Sigmund
  1312 | D:2      | Slain by Sigmund

Illustrated notes

Levels and vault maps discovered:
D:1:      dpeg_arrival_water_temple_mockup, layout_basic,
          ebering_ecumenical_altar_mist
D:2:      layout_basic, minmay_stone_trees_medium, guppyfry_early_orc_mine,
          uniq_sigmund

Skill      XL: |  1  2 |
---------------+-------+-----
Shields        | 4 |  4.0
Axes           | 3 |  3.6
Fighting       | 4 |  4.1
Armour         | 4 |  4.1

Action                   || total
-------------------------++-------
Melee: War axe           ||    73
       Headbutt          ||     6
  Use: Potion            ||     4
 Stab: Invisible         ||     1
Armor: Scale mail        ||    56
Dodge: Dodged            ||    26
Block: Buckler           ||    21

Table legend: (Time is in decaauts)
 A = Elapsed time spent in this place.
 B = Non-inter-level travel time spent in this place.
 C = Inter-level travel time spent in this place.
 D = Time resting spent in this place.
 E = Time spent auto-exploring this place.
 F = Levels seen in this place.
 G = Mean time per level.
                   A        B        C        D        E       F      G
               +--------+--------+--------+--------+--------+-----+--------+
         Total |   1336 |   1311 |     25 |     44 |   1041 |   2 |  668.0 |
       Dungeon |   1336 |   1311 |     25 |     44 |   1041 |   2 |  668.0 |
               +--------+--------+--------+--------+--------+-----+--------+

Top non-repeatable levels by time:
     D:1: 1103 daAuts
     D:2: 233 daAuts
